 Dungeon Crawl Stone Soup version 0.28.0-45-g0d030f2227 (webtiles) character file.

Game seed: 2504500994586298057

695 Kaiern the Shooter (level 7, 60/60 HPs)
             Began as a Minotaur Hunter on Apr 12, 2022.
             Quit the game in the Ecumenical Temple.
             The game lasted 00:12:20 (5852 turns).

Kaiern the Shooter (Minotaur Hunter)                Turns: 5852, Time: 00:12:21

Health: 60/60      AC: 14    Str: 18    XL:     7   Next: 37%
Magic:  6/6        EV:  8    Int:  8    God:
Gold:   116        SH:  0    Dex: 11    Spells: 6/6 levels left

rFire   . . .      SeeInvis .   s - +0 war axe
rCold   . . .      Faith    .   (no shield)
rNeg    . . .      Spirit   .   q - +2 chain mail {rPois}
rPois   +          Reflect  .   (helmet restricted)
rElec   .          Harm     .   (no cloak)
rCorr   .          Rampage  .   o - +1 pair of gloves
Will    .....                   (no boots)
Stlth   ..........              (no amulet)
HPRegen 0.20/turn               (no ring)
MPRegen 0.10/turn               (no ring)

@: no status effects
A: horns 2, retaliatory headbutt
a: no special abilities


You were in the Ecumenical Temple.
You visited 2 branches of the dungeon, and saw 6 of its levels.

You collected 116 gold pieces.

Inventory:

Hand Weapons
 a - a +2 shortbow
 b - a +0 short sword
 s - a +0 war axe (weapon)
Missiles
 d - 20 arrows
 f - 40 bolts
 h - 8 poisoned darts (quivered)
 p - 27 sling bullets
Armour
 m - the +1 ring mail "Verema" {Rampage}
   (You found it on level 3 of the Dungeon)

   Rampage:   It bestows one free step when moving towards enemies.
 o - a +1 pair of gloves (worn)
 q - a +2 chain mail of poison resistance (worn)
Wands
 e - a wand of digging (8)
 u - a wand of iceblast (10)
Scrolls
 g - a scroll of teleportation
 k - 2 scrolls of noise
 l - a scroll of vulnerability {unknown}
 v - 4 scrolls of identify
 w - a scroll of enchant armour
Potions
 c - a potion of haste {unknown}
 i - a potion of lignification {unknown}
 j - a potion of heal wounds {unknown}
 n - a potion of magic {unknown}
 r - a potion of mutation {unknown}
 t - a potion of berserk rage {unknown}
 x - a potion of degeneration {unknown}
 z - 2 potions of cancellation


   Skills:
 + Level 4.8 Fighting
 - Level 1.2 Short Blades
 + Level 6.4 Bows
 + Level 4.9 Armour
 + Level 4.6 Dodging
 - Level 0.7 Stealth


You had 6 spell levels left.
You didn't know any spells.
Your spell library contained the following spells:

 Spells                   Type           Power      Damage    Failure   Level
 Alistair's Intoxication  Tmut/Pois      0%         N/A       100%        5
 Borgnjor's Vile Clutch   Necr/Erth      0%         N/A       100%        5
 Eringya's Noxious Bog    Tmut/Pois      0%         N/A       100%        6


Dungeon Overview and Level Annotations

Branches:
Dungeon (5/15)             Temple (1/1) D:5

Altars:
Ashenzari
Cheibriados
Dithmenos
Elyvilon
Fedhas
Hepliaklqana
Kikubaaqudgha
Nemelex Xobeh
Ru
Sif Muna
Trog
Vehumet
Wu Jian
Xom
Yredelemnul
Zin
The Shining One

Shops:
D:4 :=!!

Annotations:
D:4 1 runed translucent door, Crazy Yiuf


Innate Abilities, Weirdness & Mutations

You have a pair of horns on your head.
You reflexively headbutt those who attack you in melee.


Message History

The orc closely misses you. The scorpion barely misses you.
You barely miss the scorpion. Your headbutt misses the scorpion.
The scorpion is heavily wounded.
You hit the orc but do no damage. The orc hits you but does no damage.
The scorpion barely misses you. The orc hits you but does no damage.
The scorpion barely misses you.
You hit the scorpion but do no damage. You headbutt the scorpion!
You kill the scorpion!
You hit the orc.
You kill the orc!
i - a sedimented coppery potion;
l - a scroll labelled HUSIGG KIM NYWN
v - 4 scrolls of identify (gained 3)
Things that are here:
a +0 short sword; a +0 leather armour
n - a yellow potion HP restored.
You open the door.
There is an open door here.
Found a stone staircase leading down.
You now have 116 gold pieces (gained 13).
There is a stone staircase leading down here.
You open the door.
There is an open door here.
You open the door.
There is an open door here.
Found a staircase to the Ecumenical Temple.
Found 5 gold pieces.
There is a staircase to the Ecumenical Temple here.
You climb downwards.
Welcome to the Ecumenical Temple!
Found four altars.
There is a staircase back to the Dungeon here.
Found three altars.
Found two altars.
There is a broken altar of Ashenzari here.
There is a staircase back to the Dungeon here.
Found three altars.
Found a hazy altar of Hepliaklqana and a white marble altar of Elyvilon.
Done exploring.
Done exploring.
Are you sure you want to abandon this character and quit the game? (Confirm with "yes".)

######## ######### ######
.......### ###.......### ###.....
._..._...###..._..._...###..._...
..........#.............#........
.........###...........###.......
..._............@<............._.
.........###...........###.......
..........#.............#........
._..._...###..._..._...###..._...
.......### ###.......### ###.....
######## ######### ######


There were no monsters in sight!

Vanquished Creatures
  A water moccasin (D:4)
  An ogre (D:5)
  A bullfrog (D:4)
  A scorpion (D:5)
  A water moccasin skeleton (D:4)
  A hound (D:4)
  2 iguanas (D:4)
  2 orc wizards (D:4)
  A howler monkey zombie (D:4)
  Robin (D:4)
  5 adders
  A gnoll (D:1)
  An ufetubus (D:5)
  A worm (D:3)
  2 dart slugs
  12 orcs
  11 endoplasms
  4 giant cockroaches
  13 goblins
  9 hobgoblins
  A quokka (D:1)
  4 ball pythons
  2 bats
  A frilled lizard (D:3)
  2 kobolds
  A quokka skeleton (D:4)
  4 rats
86 creatures vanquished.

Vanquished Creatures (collateral kills)
  A jelly (D:5)
1 creature vanquished.

Vanquished Creatures (others)
  3 fungi (D:4)
  2 plants (D:4)
5 creatures vanquished.

Grand Total: 92 creatures vanquished

Notes
Turn   | Place    | Note
-------+----------+-------------------------------------------
     0 | D:1      | Kaiern the Minotaur Hunter began the quest for the Orb.
     0 | D:1      | Reached XP level 1. HP: 18/18 MP: 0/0
   434 | D:1      | Reached skill level 1 in Armour
   604 | D:1      | Reached XP level 2. HP: 25/25 MP: 1/1
  1119 | D:1      | Found a faded altar of an unknown god.
  1119 | D:1      | Noticed a golden eye
  1122 | D:1      | Noticed a floating eye
  1122 | D:1      | Noticed an eye of devastation
  1122 | D:1      | Noticed an eye of devastation
  1379 | D:2      | Reached skill level 5 in Bows
  1379 | D:2      | Reached XP level 3. HP: 30/30 MP: 2/2
  2078 | D:3      | Identified the +1 ring mail "Verema" {Rampage}
  2155 | D:3      | Reached XP level 4. HP: 21/37 MP: 3/3
  2287 | D:3      | Found a shadowy altar of Dithmenos.
  2635 | D:3      | Reached skill level 1 in Short Blades
  2969 | D:4      | Reached XP level 5. HP: 13/45 MP: 4/4
  3233 | D:4      | Found Reruodwagg's Distillery.
  3238 | D:4      | Noticed Robin
  3770 | D:4      | Killed Robin
  3771 | D:4      | Reached XP level 6. HP: 44/52 MP: 5/5
  4066 | D:4      | Found a glowing golden altar of the Shining One.
  4123 | D:4      | Noticed a water moccasin
  4133 | D:4      | Killed a water moccasin
  4134 | D:4      | Reached skill level 6 in Bows
  4515 | D:4      | Found Roll's Book Shop.
  4542 | D:4      | Found a radiant altar of Vehumet.
  4809 | D:4      | Found Sazokan's Jewellery Emporium.
  4863 | D:4      | Found Koaduwko's Distillery.
  5220 | D:4      | Reached XP level 7. HP: 57/60 MP: 6/6
  5385 | D:4      | Found a runed translucent door.
  5386 | D:4      | Noticed Crazy Yiuf
  5430 | D:5      | Entered Level 5 of the Dungeon
  5771 | D:5      | Found a staircase to the Ecumenical Temple.
  5780 | Temple   | Entered the Ecumenical Temple
  5852 | Temple   | Quit the game

Illustrated notes

Levels and vault maps discovered:
D:1:      minmay_arrival_arboretum_small, layout_basic,
          hellmonk_ecumenical_altar_watching_god
D:2:      wad_pebble_path, layout_loops_corners
D:3:      layout_loops_ring, grunt_dithmenos_smoke_and_mirrors
D:4:      layout_layer_cave, tso_oasis_becter, nicolae_vehumet_altar_sigil,
          serial_shops, nicolae_lakefront_shop, shop, shop,
          nicolae_shop_behind_doors, uniq_crazy_yiuf_cottage, uniq_robin
D:5:      layout_basic, minmay_temple_entry_antechambers,
          minmay_stone_trees_small, minmay_quadrilaterals
Temple:   zaba_magenta_temple

Skill      XL: |  1  2  3  4  5  6 |
---------------+-------------------+-----
Armour         | 1 2 3 4 |  4.9
Bows           | 5 6 |  6.4
Short Blades   | 1 |  1.2
Fighting       | 3 4 |  4.8
Dodging        | 3 4 |  4.6
Stealth        | |  0.7

Action                   |  1- 3 |  4- 6 |  7- 9 || total
-------------------------+-------+-------+-------++-------
Melee: Short sword       |    91 |   112 |       ||   203
       Headbutt          |    22 |    22 |     6 ||    50
       Punch             |     1 |       |     1 ||     2
       War axe           |       |    50 |    13 ||    63
Throw: Dart              |       |    12 |     4 ||    16
  Use: Scroll            |       |       |     7 ||     7
Armor: Ring mail         |    24 |     8 |       ||    32
       Leather armour    |     2 |       |       ||     2
       Chain mail        |       |   109 |     5 ||   114
Dodge: Dodged            |    41 |    74 |     7 ||   122
